 Dungeon Crawl Stone Soup version 0.29.1-13-g9f3cf754e1 (webtiles) character file.

Game seed: 3450315879901882486

9106 112233 the Thaumaturge (level 11, 0/86 HPs)
             Began as a Demonspawn Ice Elementalist on Feb 10, 2023.
             Was an Initiate of Gozag.
             Slain by a boulder beetle (23 damage)
             ... on level 10 of the Dungeon.
             The game lasted 00:18:18 (12304 turns).

112233 the Thaumaturge (DsIE)                      Turns: 12304, Time: 00:18:19

Health: 0/86       AC: 11    Str:  9    XL:     11   Next: 18%
Magic:  18/34      EV: 15    Int: 21    God:    Gozag
Gold:   292        SH: 13    Dex: 13    Spells: 19/30 levels left

rFire   . . .      SeeInvis +   u - +0 long sword (flame)
rCold   . . .      Faith    .   (no shield)
rNeg    . . .      Spirit   .   a - +0 robe
rPois   .          Reflect  +   L - +0 hat {SInv}
rElec   .          Harm     .   J - +0 cloak
rCorr   .          Rampage  .   (no gloves)
Will    .....                   (no boots)
Stlth   ++........              f - amulet of reflection
HPRegen 0.24/turn               I - ring of magical power
MPRegen 0.24/turn               q - ring of wizardry

@: ice-armoured, gold aura, freezing walls
A: horns 2, large bone plates 3, ignite blood 1, powered by death 1
a: Renounce Religion, Potion Petition, Call Merchant, Bribe Branch


You were on level 10 of the Dungeon.
You worshipped Gozag.
Gozag was aware of your devotion.
You visited 1 branch of the dungeon, and saw 11 of its levels.

You collected 1557 gold pieces.
You paid 1265 gold pieces to Gozag.

Inventory:

Hand Weapons
 d - a +0 whip
 i - a +0 dagger of venom
 u - a +0 long sword of flaming (weapon)
Armour
 a - a +0 robe (worn)
 J - a +0 cloak (worn)
 L - a +0 hat of see invisible (worn)
Jewellery
 f - an amulet of reflection (around neck)
 p - a ring of poison resistance
 q - a ring of wizardry (right hand)
 I - a ring of magical power (left hand)
 K - a +6 ring of strength
 N - a +4 ring of protection
Wands
 G - a wand of roots (3)
 H - a wand of flame (19)
 M - a wand of polymorph (4)
Scrolls
 b - 2 scrolls of fog
 c - a scroll of summoning {unknown}
 e - 7 scrolls of teleportation {unknown}
 g - 12 scrolls of identify {unknown}
 h - a scroll of magic mapping {unknown}
 j - 2 scrolls of noise {unknown}
 n - a scroll of immolation {unknown}
 r - a scroll of brand weapon {unknown}
 t - a scroll of enchant weapon {unknown}
 v - 5 scrolls of amnesia {unknown}
 w - 2 scrolls of poison {unknown}
 x - a scroll of acquirement {unknown}
 y - 2 scrolls of enchant armour {unknown}
 D - a scroll of torment {unknown}
 E - 2 scrolls of fear {unknown}
 F - 2 scrolls of blinking {unknown}
Potions
 k - 4 potions of flight
 l - a potion of curing
 m - 2 potions of ambrosia
 o - a potion of brilliance {unknown}
 s - 5 potions of lignification {unknown}
 z - a potion of resistance {unknown}
 A - 2 potions of heal wounds {unknown}
 B - 4 potions of might {unknown}
 C - a potion of mutation {unknown}


   Skills:
 + Level 7.8 Fighting
 + Level 7.4 Dodging
 - Level 1.8 Stealth
 * Level 10.4 Spellcasting
 + Level 8.1 Ice Magic


You had 19 spell levels left.
You knew the following spells:

 Your Spells              Type           Power      Damage    Failure   Level
a - Freeze                Ice            100%       1d11      1%          1
b - Frozen Ramparts       Ice            90%        1d14      1%          3
c - Ozocubu's Armour      Ice            45%        N/A       1%          3
d - Hailstorm             Conj/Ice       28%        3d8       4%          4

Your spell library contained the following spells:

 Spells                   Type           Power      Damage    Failure   Level
 Necrotise                Necr           44%        1d6       2%          1
 Sting                    Tmut/Pois      44%        1d5       2%          1
 Confusing Touch          Hex            11%        N/A       8%          3
 Portal Projectile        Hex/Tloc       22%        N/A       8%          3
 Tukima's Dance           Hex            11%        N/A       8%          3
 Cause Fear               Hex            5%         N/A       24%         4
 Leda's Liquefaction      Hex/Erth       5%         N/A       24%         4
 Passage of Golubria      Tloc           11%        N/A       24%         4
 Blade Hands              Tmut           5%         N/A       52%         5
 Lee's Rapid Deconstruct  Erth           5%         3d7*      52%         5
 Silence                  Hex/Air        5%         N/A       52%         5
 Yara's Violent Unravell  Hex/Tmut       5%         3d4       52%         5
 Statue Form              Tmut/Erth      7%         N/A       97%         6
 Dragon Form              Tmut           5%         N/A       100%        7
 Enfeeble                 Hex            5%         N/A       100%        7
 Lehudib's Crystal Spear  Conj/Erth      5%         10d3      100%        8
 Dragon's Call            Summ           5%         N/A       100%        9


Dungeon Overview and Level Annotations

Branches:
Dungeon (11/15)            Temple (0/1) D:7
   Lair: D:8-11         Orc: D:9-12

Altars:
Ashenzari
Dithmenos
Fedhas
Gozag
Hepliaklqana
Kikubaaqudgha
Makhleb
Nemelex Xobeh
Sif Muna
Trog
Wu Jian
Xom
Yredelemnul

Shops:
D:5 *

Annotations:
D:4 exclusion: downstairs
D:9 exclusion: downstairs


Innate Abilities, Weirdness & Mutations

You have a pair of horns on your head.
You are completely covered in large bone plates. (SH +8)
Your demonic aura sometimes causes spilled blood to erupt in flames.
You regenerate a little health from kills.


Message History

The hail pelts the two-headed ogre!
You kill the two-headed ogre!
Your life force feels restored.
Unknown command.
Unknown command.
Unknown command.
The boulder beetle curls into a ball and begins rolling!
The boulder beetle is distracted by your dazzling golden aura.
The frozen ramparts melt away.
The boulder beetle is no longer distracted by gold.
Casting: Hailstorm (dangerous; 4% risk of failure)
Confirm with . or Enter, or press ? or * to list all spells.
Casting: Frozen Ramparts (safe; 1% risk of failure)
Press: ? - help, Dir - look around, f - activate The walls around you are covered in ice.
The wall freezes the boulder beetle but does no damage. x2
The boulder beetle hits you!!!
Ouch! That really hurt!
The boulder beetle stops rolling and uncurls.
Casting: Frozen Ramparts (safe; 1% risk of failure)
Confirm with . or Enter, or press ? or * to list all spells.
Okay, then.
Unknown command.
Okay, then.
You feel better.
The wall freezes the boulder beetle but does no damage.
The boulder beetle bites you!
* * * LOW HITPOINT WARNING * * *
Unknown command.
Okay, then.
Aiming: Fastroot
Press: ? - help, Shift-Dir - straight line, f - boulder beetle
Aim: a boulder beetle (lightly wounded)
The roots erupt in riotous growth!
Roots grab the boulder beetle.
The grasping roots constrict the boulder beetle.
The wall freezes the boulder beetle but does no damage.
The boulder beetle bites you!!
You die...
Your body crumbles into a pile of gold.

###########
#.........#
#.#######.# #.#
#.# ###.#
#####.# #○..#
#<....# #@###
####### ###
#B#... .... ...
#$.........#.$.
#...#.###..#.###
#..>.... .... ..
#......###.# .#
# ###....<.°.#
.#.#
#.....#.O###....
#...............


You could see a boulder beetle (rooted).

Vanquished Creatures
  Gastronok (D:9)
  3 two-headed ogres
  Maurice (D:9)
  2 gargoyles
  Psyche (D:9)
  A komodo dragon (D:11)
  A troll (D:7)
  A hornet (D:10)
  3 water moccasins
  Duvessa (D:6)
  2 black bears
  7 orc warriors
  4 ice beasts
  5 centaurs
  5 ogres
  2 phantoms (D:5)
  A kobold brigand (D:7)
  2 scorpions (D:6)
  A bullfrog (D:7)
  3 necrophages
  4 wights (D:9)
  Dowan (D:6)
  7 killer bees
  2 howler monkeys
  A jelly (D:6)
  3 orc priests
  7 hounds
  5 iguanas
  Jessica (D:2)
  5 orc wizards
  7 adders
  A white imp (D:5)
  An ufetubus (D:4)
  2 worms
  4 dart slugs
  27 orcs
  3 bats
  6 endoplasms
  2 giant cockroaches
  7 goblins
  6 hobgoblins
  2 jackals (D:1)
  3 quokkas
  7 ball pythons
  9 kobolds
  10 rats
  A spectral hobgoblin (D:9)
181 creatures vanquished.

Notes
Turn   | Place    | Note
-------+----------+-------------------------------------------
     0 | D:1      | 112233 the Demonspawn Ice Elementalist began the quest for
                  | the Orb.
     0 | D:1      | Reached XP level 1. HP: 13/13 MP: 3/3
   626 | D:1      | Gained mutation: You regenerate a little health from kills.
                  | [demonic ancestry]
   626 | D:1      | Reached XP level 2. HP: 20/20 MP: 3/5
   697 | D:1      | Found a faded altar of an unknown god.
   697 | D:1      | Noticed a floating eye
   700 | D:1      | Noticed a great orb of eyes
   701 | D:1      | Noticed an eye of devastation
   701 | D:1      | Noticed a floating eye
   832 | D:1      | Reached skill level 1 in Fighting
  1498 | D:2      | Noticed Jessica
  1510 | D:2      | Killed Jessica
  1511 | D:2      | Gained mutation: You are partially covered in large bone
                  | plates. (SH +4) [demonic ancestry]
  1511 | D:2      | Reached XP level 3. HP: 26/26 MP: 0/7
  1629 | D:2      | Reached skill level 3 in Spellcasting
  1749 | D:2      | Gained mutation: You have a pair of small horns on your
                  | head. [demonic ancestry]
  1749 | D:2      | Reached XP level 4. HP: 31/33 MP: 5/8
  2358 | D:3      | Learned a level 3 spell: Frozen Ramparts
  2581 | D:3      | Found a broken altar of Ashenzari.
  2790 | D:3      | Gained mutation: Your demonic aura sometimes causes spilled
                  | blood to erupt in flames. [demonic ancestry]
  2790 | D:3      | Reached XP level 5. HP: 38/38 MP: 6/10
  3179 | D:4      | Learned a level 3 spell: Ozocubu's Armour
  3278 | D:4      | Noticed a black bear
  3310 | D:5      | Entered Level 5 of the Dungeon
  3369 | D:5      | Found Ygexto Ynnu's Gadget Gallery.
  3409 | D:5      | Noticed an ice beast
  3548 | D:4      | Killed a black bear
  3549 | D:4      | Reached skill level 4 in Spellcasting
  3549 | D:4      | Reached XP level 6. HP: 46/46 MP: 4/12
  3999 | D:4      | Found an opulent altar of Gozag.
  4394 | D:4      | Became a worshipper of Gozag Ym Sagoz the Greedy
  4478 | D:6      | Found a shimmering altar of Xom.
  4534 | D:6      | Noticed Duvessa
  4554 | D:6      | Killed Duvessa
  4555 | D:6      | Gained mutation: You are mostly covered in large bone
                  | plates. (SH +6) [demonic ancestry]
  4555 | D:6      | Reached XP level 7. HP: 50/52 MP: 5/14
  4613 | D:7      | Reached skill level 5 in Spellcasting
  4802 | D:6      | Learned a level 4 spell: Hailstorm
  4866 | D:6      | Found a bloodstained altar of Trog.
  4875 | D:6      | Noticed Dowan
  4878 | D:6      | Found a shimmering blue altar of Sif Muna.
  4883 | D:6      | Killed Dowan
  4941 | D:6      | Got Sif Muna's Writings on the Loathsome Stinger
  5049 | D:6      | Reached skill level 5 in Ice Magic
  5246 | D:6      | Reached XP level 8. HP: 60/60 MP: 8/16
  5531 | D:6      | Found a burning altar of Makhleb.
  5594 | D:5      | Reached skill level 6 in Spellcasting
  6406 | D:5      | Found an ornate altar of the Wu Jian Council.
  6903 | D:7      | Found a staircase to the Ecumenical Temple.
  7090 | D:7      | Reached skill level 5 in Fighting
  7223 | D:7      | Reached skill level 7 in Spellcasting
  7394 | D:6      | Reached skill level 5 in Dodging
  7394 | D:6      | Reached XP level 9. HP: 60/68 MP: 13/19
  7646 | D:7      | Noticed a two-headed ogre
  7658 | D:7      | Killed a two-headed ogre
  8111 | D:7      | Noticed a troll
  8118 | D:7      | Killed a troll
  8119 | D:7      | Reached skill level 8 in Spellcasting
  8460 | D:7      | Found an ancient bone altar of Kikubaaqudgha.
  9266 | D:8      | Found a sparkling altar of Nemelex Xobeh.
  9290 | D:8      | Found a blossoming altar of Fedhas.
  9388 | D:8      | Gained mutation: You have a pair of horns on your head.
                  | [demonic ancestry]
  9388 | D:8      | Reached XP level 10. HP: 45/77 MP: 19/22
 10049 | D:9      | Noticed Maurice
 10068 | D:9      | Killed Maurice
 10198 | D:9      | Noticed Gastronok
 10206 | D:9      | Reached skill level 9 in Spellcasting
 10227 | D:9      | Killed Gastronok
 10228 | D:9      | Found a shadowy altar of Dithmenos.
 10495 | D:9      | Noticed Psyche
 10504 | D:9      | Killed Psyche
 10776 | D:10     | Entered Level 10 of the Dungeon
 10828 | D:11     | Noticed a gargoyle
 10829 | D:11     | Noticed a boulder beetle
 10848 | D:11     | Killed a gargoyle
 10849 | D:11     | Reached skill level 10 in Spellcasting
 10915 | D:10     | Noticed a two-headed ogre
 11095 | D:10     | Killed a two-headed ogre
 11342 | D:10     | Noticed a two-headed ogre
 11344 | D:10     | Noticed a boulder beetle
 11352 | D:9      | Noticed a gargoyle
 11364 | D:9      | Killed a gargoyle
 11365 | D:9      | Gained mutation: You are completely covered in large bone
                  | plates. (SH +8) [demonic ancestry]
 11365 | D:9      | Reached XP level 11. HP: 41/84 MP: 25/25
 11892 | D:9      | Found a hazy altar of Hepliaklqana.
 11940 | D:9      | Found a basalt altar of Yredelemnul.
 12297 | D:10     | Killed a two-headed ogre
 12304 | D:10     | Slain by a boulder beetle

Illustrated notes

Levels and vault maps discovered:
D:1:      erik_arrival_orb_chamber, layout_basic,
          hellmonk_ecumenical_altar_watching_god, minivault_4,
          minmay_misc_feat_square
D:2:      layout_basic, uniq_jessica
D:3:      layout_basic, ashenzari_conservatory_becter, minmay_misc_feat_enclosed
D:4:      layout_basic, lemuel_doored_altar, kennysheep_mini_moat
D:5:      layout_basic, nzn_wu_jian_council_hall, nicolae_shop_gadgets
D:6:      layout_basic, nzn_overflow_gifts_of_might_and_magic,
          mainiacjoe_overflow_boulevard, mainiacjoe_overflow_surrounded_room,
          roderic_lattice_a, supply_closet_lemuel, grunt_decor_arrowhead
D:7:      minmay_opposing_rooms, layout_loops_ring,
          mainiacjoe_overflow_24_doors, minmay_temple_entry_drinking_statues,
          minivault_25
D:8:      layout_cave_pools, nemelex_diamond_rough_becter, pf_just_have_faith
D:9:      layout_roguey [special_room_orc], lemuel_crystal_altar,
          nicolae_hepliaklqana_monster_ancestors, mainiacjoe_overflow_alcove_1,
          uniq_maurice, uniq_gastronok, uniq_psyche
D:10:     layout_basic, vehumet_altar_wand_db
D:11:     layout_loops_ring, erik_lair_dragon,
          kennysheep_orc_monster_closet_entryway, biasface_ghost_orc_armoury,
          special_room [special_room_orc], minmay_misc_feat_tiny,
          bh_circular_ruins, uniq_erolcha, uniq_lodul

Skill      XL: |  1  2  3  4  5  6  7  8  9 10 11 |
---------------+----------------------------------+-----
Fighting       | 1 2 3 5 6 7 |  7.8
Dodging        | 2 3 4 5 6 7 |  7.4
Spellcasting   | 3 4 5 7 8 10 | 10.4
Ice Magic      | 4 5 6 7 8 |  8.1
Stealth        | |  1.8

Action                   |  1- 3 |  4- 6 |  7- 9 | 10-12 || total
-------------------------+-------+-------+-------+-------++-------
Melee: Unarmed           |     6 |       |       |       ||     6
       Whip              |     4 |       |       |       ||     4
       Dagger            |     1 |    39 |     1 |       ||    41
       Headbutt          |       |     8 |    31 |     6 ||    45
       Punch             |       |     3 |     1 |       ||     4
       Long sword        |       |       |   107 |    16 ||   123
 Cast: Freeze            |    46 |    69 |    73 |    65 ||   253
       Frozen Ramparts   |       |     7 |    28 |    19 ||    54
       Ozocubu's Armour  |       |     1 |    20 |    15 ||    36
       Hailstorm         |       |       |     8 |    15 ||    23
Invok: Potion Petition   |       |       |       |     2 ||     2
Evoke: Wand              |       |       |       |    10 ||    10
  Use: Potion            |     1 |     1 |     2 |     7 ||    11
       Scroll            |     1 |       |       |       ||     1
 Stab: Sleeping          |       |     7 |       |       ||     7
Armor: Robe              |     5 |     7 |    33 |    18 ||    63
Dodge: Dodged            |    24 |    26 |    77 |    27 ||   154
Block: Other             |     4 |    44 |    92 |    50 ||   190
       Reflection        |       |       |     3 |     1 ||     4
